 Dungeon Crawl Stone Soup version 0.15-a0-1766-g0ee8742 (webtiles) character file.

2769 Crauler the Carver (level 10, -1/63 HPs)
             Began as a Halfling Fighter on June 28, 2014.
             Was a Believer of Okawaru.
             Slain by an ogre
             ... wielding a +0 giant club
              (25 damage)
             ... on Level 8 of the Dungeon.
             The game lasted 00:23:20 (6929 turns).

Crauler the Carver (Halfling Fighter)               Turns: 6929, Time: 00:23:20

HP  -1/63        AC 11     Str 17 (20) XL: 10   Next:  1%
MP  18/18        EV 13     Int  7      God: Okawaru [**....]
Gold 119         SH  7     Dex 17 (18) Spells:  0 memorised,  9 levels left

rFire  . . .     SeeInvis .     g - +2 cutlass "Tacagrei" {slice, Str+2}
rCold  . . .     Clarity  .     b - +0 scale mail
rNeg   . . .     rCorr    .     c - +0 buckler
rPois  .         rRot     .     f - +0 helmet
rElec  .         Spirit   .     (no cloak)
SustAb .         Warding  .     w - +0 pair of gloves
rMut   .         Stasis   .     o - +0 pair of boots
Gourm  +                        y - amulet of the gourmand
MR     .....                    q - +3 ring of evasion
                                k - +2 ring of strength

@: not resistant to hostile enchantments, extremely unstealthy
A: mutation resistance 1
a: Heroism, Renounce Religion


You were on level 8 of the Dungeon.
You worshipped Okawaru.
Okawaru was pleased with you.
You were very full.

You visited 2 branches of the dungeon, and saw 9 of its levels.

You collected 353 gold pieces.
You spent 234 gold pieces at shops.

Inventory:

Hand weapons
 a - a +1 long sword
 g - the +2 cutlass "Tacagrei" (weapon) {slice, Str+2}
   (You acquired it on level 5 of the Dungeon)

   It inflicts extra damage upon your enemies.
   It affects your strength (+2).
 p - a cursed -3 scimitar
 G - a +0 blowgun
Missiles
 A - 33 poisoned needles
Armour
 b - a +0 scale mail (worn)
 c - a +0 buckler (worn)
 f - a +0 helmet (worn)
 o - a +0 pair of boots (worn)
 t - a +0 chain mail
 v - a +0 chain mail of cold resistance
 w - a +0 pair of gloves (worn)
 z - a +0 pair of gloves of archery
Magical devices
 n - a wand of cold (7) {unknown}
Comestibles
 d - 4 bread rations
 j - 4 slices of pizza
 s - 4 fruits
 x - a beef jerky
 B - a royal jelly
 E - 4 meat rations
Scrolls
 h - 2 scrolls of enchant armour
 i - 4 scrolls of fog
 r - 6 scrolls of identify
Jewellery
 k - a +2 ring of strength (left hand)
 l - an uncursed ring of invisibility
 q - a +3 ring of evasion (right hand)
 u - an uncursed amulet of warding
 y - an amulet of the gourmand (around neck)
Potions
 e - 2 potions of might
 m - 2 potions of porridge


   Skills:
 - Level 4.1 Fighting
 * Level 8.6 Long Blades
 + Level 7.1 Armour
 + Level 7.2 Shields
 + Level 4.6 Invocations


You had 9 spell levels left.
You didn't know any spells.

Dungeon Overview and Level Annotations

Branches:
Dungeon (8/15)             Temple (1/1) D:5
   Lair: D:8-11

Altars:
Ashenzari
Elyvilon
Fedhas
Gozag
Kikubaaqudgha
Makhleb
Nemelex Xobeh
Okawaru
Qazlal
Sif Muna
Vehumet
Xom
The Shining One

Shops:
D:4 :}[*}   D:8 [


Innate Abilities, Weirdness & Mutations

You are small and have problems with some larger weapons.
You are somewhat resistant to further mutation.


Message History

You kill the orc!
Okawaru accepts your kill.
No target in view!
No target in view!
The ogre hits you with a giant club!
You see here an orc corpse.
You hit the ogre but do no damage. The ogre hits you with a giant club.
You hit the ogre.
The ogre is moderately wounded.
You block the ogre's attack.
You hit the ogre.
The ogre is severely wounded.
The orc skeleton misses you.
You barely miss the ogre.
The ogre is severely wounded.
The ogre hits you with a giant club! You block the orc skeleton's attack.
Your scale mail prevents you from hitting the ogre.
The ogre is severely wounded.
The ogre hits you with a giant club!!
You die...

. ..#.. .
..###.#.###.#
#.?....#.....#.
#...............
..............
#...........
#............ # #
##.)#<........ #.#.
#..ZO@........
#.#.##..#####.#.###
#...#...### # .
#........#
#........###
#...∩......#
#........#.#
##.....###...
#...##.# ....


You could see an ogre and an orc skeleton.

Vanquished Creatures
  The ghost of Shimatora the Covert, an experienced OpAs (D:6)
  A troll (D:7)
  A wyvern (D:7)
  The ghost of Sataric the Magician, an average DEWz of Sif Muna (D:4)
  An orc warrior (D:7)
  A phantom (D:5)
  4 ogres
  2 centaurs
  A giant frog (D:6)
  4 scorpions
  A yak zombie (D:7)
  7 wights (D:7)
  A goliath beetle (D:7)
  A quasit (D:7)
  3 crimson imps
  An orc priest (D:6)
  3 hounds
  3 jellies
  An iguana (D:8)
  5 worker ants
  A hound skeleton (D:5)
  A gnoll (D:1)
  6 adders
  A shadow imp (D:7)
  A giant mite (D:7)
  3 inept feature mimics
  A white imp (D:4)
  2 worms (D:3)
  4 giant geckos
  An ooze (D:3)
  14 orcs
  11 bats
  A bat zombie (D:5)
  8 giant cockroaches
  10 hobgoblins
  2 jackals (D:1)
  16 kobolds
  4 quokkas
  A ball python (D:7)
  4 giant newts
  A giant newt skeleton (D:4)
  A giant spore (D:6)
  8 goblins
  2 orc skeletons
  12 rats
  A rat skeleton (D:4)
160 creatures vanquished.

Notes
Turn   | Place    | Note
--------------------------------------------------------------
     0 | D:1      | Crauler, the Halfling Fighter, began the quest for the Orb.
     0 | D:1      | Reached XP level 1. HP: 15/15 MP: 1/1
    83 | D:1      | Reached XP level 2. HP: 14/20 MP: 2/2
   273 | D:1      | Reached XP level 3. HP: 21/25 MP: 3/3
   715 | D:2      | Found a shimmering altar of Xom.
   981 | D:2      | Found a white marble altar of Elyvilon.
  1628 | D:3      | Reached XP level 4. HP: 31/31 MP: 4/4
  1899 | D:3      | Reached skill level 4 in Armour
  2212 | D:4      | Found Raonaxt's Assorted Antiques.
  2226 | D:4      | Noticed an ogre
  2234 | D:4      | Killed an ogre
  2234 | D:4      | Reached XP level 5. HP: 36/36 MP: 5/5
  2322 | D:4      | Found Khuela's Armour Emporium.
  2348 | D:4      | Noticed Sataric's ghost (average DEWz)
  2359 | D:4      | Reached XP level 6. HP: 25/42 MP: 6/6
  2390 | D:4      | Killed Sataric's ghost
  2647 | D:4      | Found Phuathru's Gadget Emporium.
  2748 | D:4      | Found Juimur's Book Shoppe.
  2946 | D:4      | Reached XP level 7. HP: 42/47 MP: 7/7
  2947 | D:4      | Found Brael's Gadget Shoppe.
  3126 | D:5      | Entered Level 5 of the Dungeon
  3237 | D:5      | Found a staircase to the Ecumenical Temple.
  3246 | Temple   | Entered the Ecumenical Temple
  3283 | Temple   | Became a worshipper of Warmaster Okawaru
  3352 | D:5      | Reached skill level 5 in Long Blades
  3352 | D:5      | Reached skill level 5 in Armour
  3596 | D:5      | Got a fine quarterstaff
  3614 | D:5      | Identified the +2 quarterstaff of Royalism {crush, rN+ Int+2} (You found it on level 5 of the Dungeon)
  3779 | D:5      | Reached skill level 5 in Shields
  4431 | D:5      | Identified a scroll of acquirement
  4432 | D:5      | Got an iridescent cutlass
  4433 | D:5      | Identified the +2 cutlass "Tacagrei" {slice, Str+2} (You acquired it on level 5 of the Dungeon)
  4522 | D:6      | Noticed an air elemental
  4524 | D:6      | Found a stormy altar of Qazlal.
  4525 | D:6      | Noticed a fire elemental
  4525 | D:6      | Noticed a water elemental
  4617 | D:6      | Reached XP level 8. HP: 43/54 MP: 8/8
  4658 | D:6      | Noticed Shimatora's ghost (experienced OpAs)
  4698 | D:6      | Killed Shimatora's ghost
  4698 | D:6      | Reached skill level 6 in Long Blades
  4769 | D:6      | Found a sparkling altar of Nemelex Xobeh.
  4770 | D:6      | Found a stormy altar of Qazlal.
  4828 | D:6      | Found a blossoming altar of Fedhas.
  4828 | D:6      | Found an opulent altar of Gozag.
  4829 | D:6      | Found a deep blue altar of Sif Muna.
  4830 | D:6      | Found an ancient bone altar of Kikubaaqudgha.
  5015 | D:6      | Acquired Okawaru's first power
  5366 | D:7      | Reached skill level 7 in Long Blades
  5366 | D:7      | Reached XP level 9. HP: 29/58 MP: 10/13
  5574 | D:7      | Noticed a troll
  5592 | D:7      | Killed a troll
  5998 | D:7      | Reached skill level 8 in Long Blades
  6130 | D:7      | Paralysed by a potion of paralysis for 7 turns
  6863 | D:8      | Found Afozoulyargh's Antique Armour Shop.
  6872 | D:8      | Reached XP level 10. HP: 63/63 MP: 18/18
  6904 | D:8      | Bought a runed chain mail for 117 gold pieces
  6904 | D:8      | Bought a pair of runed gloves for 117 gold pieces
  6929 | D:8      | Slain by an ogre

Action                   |  1- 3 |  4- 6 |  7- 9 | 10-12 || total
-------------------------+-------+-------+-------+-------++-------
Melee: Long sword        |   102 |   139 |    73 |       ||   314
       Quarterstaff      |       |       |    29 |       ||    29
       Cutlass           |       |       |   301 |    21 ||   322
 Fire: Blowgun           |       |       |     6 |       ||     6
Invok: Heroism           |       |       |     4 |       ||     4
  Use: Scroll            |       |       |    10 |       ||    10
       Potion            |       |       |     6 |       ||     6
 Stab: Distracted        |       |       |     1 |       ||     1
